 Dungeon Crawl Stone Soup version 0.25.0-33-gff14898491 (webtiles) character file.

Game seed: 11947078173131035514

221 Peloso the Shield-Bearer (level 5, -2/61 HPs)
             Began as a Demonspawn Fighter on July 7, 2020.
             Killed by divine providence
             ... invoked by an orc priest
              (12 damage)
             ... on level 3 of the Dungeon.
             The game lasted 00:05:58 (2986 turns).

Peloso the Shield-Bearer (Demonspawn Fighter)       Turns: 2986, Time: 00:05:59

Health: -2/61      AC: 22    Str: 20 (23) XL:     5   Next: 65%
Magic:  5/5        EV:  2    Int:  6 (9)  God:
Gold:   116        SH:  9    Dex: 10 (13) Spells: 4/4 levels left

rFire    . . .     SeeInvis .   a - +0 long sword
rCold    . . .     Gourm    .   c - +0 kite shield
rNeg     + + +     Faith    .   (armour currently unavailable)
rPois    +         Spirit   .   (helmet currently unavailable)
rElec    .         Reflect  .   (cloak currently unavailable)
rCorr    .         Harm     .   (gloves currently unavailable)
MR       .....     NoTele   +   (boots currently unavailable)
Stlth    +.........             (no amulet)
HPRegen  0.20/turn              q - +6 ring of strength
MPRegen  0.09/turn              (no ring)

@: tree-form
A: no striking features
a: no special abilities


You were on level 3 of the Dungeon.
You were not hungry.
You were a tree.
You visited 1 branch of the dungeon, and saw 3 of its levels.

You collected 116 gold pieces.

Inventory:

Hand Weapons
 a - a +0 long sword (weapon)
Armour
 b - a +0 scale mail (melded)
 c - a +0 kite shield (worn)
 h - a +1 pair of gloves (melded)
 k - a +2 pair of boots (melded)
 t - a scarf of resistance (melded)
Jewellery
 q - a +6 ring of strength (left branch)
Scrolls
 e - a scroll of random uselessness
 l - 2 scrolls of fear {unknown}
 n - 3 scrolls of amnesia {unknown}
 p - a scroll of enchant weapon {unknown}
 u - 2 scrolls of identify {unknown}
Potions
 d - a potion of might
 g - a potion of ambrosia
 v - a potion of curing {unknown}
Comestibles
 f - 4 rations
 i - 2 chunks of flesh


   Skills:
 + Level 3.6 Fighting
 + Level 3.4 Long Blades
 + Level 3.4 Armour
 + Level 1.1 Dodging
 + Level 0.2 Stealth
 + Level 3.7 Shields


You had 4 spell levels left.
You didn't know any spells.
Your spell library contained the following spells:

 Spells                   Type           Power        Failure   Level  Hunger
 Corona                   Hex            #......      91%         1    ##.....
 Ensorcelled Hibernation  Hex/Ice        #.....       97%         2    ###....
 Confusing Touch          Hex            #.......     99%         3    ####...
 Dazzling Flash           Conj/Hex       #.....       99%         3    ####...
 Tukima's Dance           Hex            #.......     99%         3    ####...


Dungeon Overview and Level Annotations

Branches:
Dungeon (3/15)

Altars:


Innate Abilities, Weirdness & Mutations

((You have hoof-like feet.))
((You are partially covered in thin metallic scales. (AC +2)))


Message History

The orc is almost dead.
The orc hits you but does no damage.
The orc priest invokes the aid of Beogh against you.
Beogh smites you!
* * * LOW HITPOINT WARNING * * *
The orc hits you but does no damage.
You barely miss the orc.
The orc is almost dead.
The orc priest looks braver for a moment.
You block the orc's attack.
The orc priest calls upon Beogh to heal the orc.
The orc's wounds heal themselves!
Unknown command.
You hit the orc but do no damage. You block the orc's attack.
The orc priest looks encouraged for a moment. x2
Unknown command.
You hit the orc but do no damage. The orc hits you but does no damage.
The orc priest invokes the aid of Beogh against you.
Beogh smites you!
You die...

##########
#........#
#########........#
#oooo♣..'........#
#o#######........#
#...#..(..#
#.#.#.....#
#.#.#.....#
#.#.##'####
#.#.#...# ##
#.#.#...# .
#...#...# #####


You could see 2 orc priests and 3 orcs.

Vanquished Creatures
  A sky beast (D:3)
  A hound (D:2)
  4 adders
  4 worms
  A dart slug (D:1)
  A leopard gecko (D:1)
  5 giant cockroaches
  3 hobgoblins
  4 jackals (D:1)
  A ball python (D:3)
  8 bats
  3 frilled lizards
  6 goblins
  9 kobolds
  8 rats
59 creatures vanquished.

Notes
Turn   | Place    | Note
-------+----------+-------------------------------------------
     0 | D:1      | Peloso the Demonspawn Fighter began the quest for the Orb.
     0 | D:1      | Reached XP level 1. HP: 18/18 MP: 1/1
   364 | D:1      | Gained mutation: You have large cloven feet. [demonic
                  | ancestry]
   364 | D:1      | Reached XP level 2. HP: 20/24 MP: 2/2
  1153 | D:2      | Gained mutation: You are partially covered in thin metallic
                  | scales. (AC +2) [demonic ancestry]
  1153 | D:2      | Reached XP level 3. HP: 20/29 MP: 3/3
  1376 | D:1      | Gained mutation: You have hoof-like feet. [demonic
                  | ancestry]
  1376 | D:1      | Reached XP level 4. HP: 19/35 MP: 4/4
  2305 | D:3      | Noticed a sky beast
  2442 | D:3      | Killed a sky beast
  2442 | D:3      | Reached skill level 1 in Dodging
  2442 | D:3      | Reached XP level 5. HP: 13/41 MP: 5/5
  2986 | D:3      | Killed from afar by an orc priest

Illustrated notes

Levels and vault maps discovered:
D:1:      dpeg_arrival_circle_labyrinth_c, layout_basic
D:2:      layout_rooms
D:3:      layout_basic, minmay_stone_trees_small

Skill      XL: |  1  2  3  4 |
---------------+-------------+-----
Armour         | 3 |  3.4
Long Blades    | 2 3 |  3.4
Shields        | 3 |  3.7
Dodging        | 1 |  1.1
Fighting       | |  3.6
Stealth        | |  0.2

Action                   |  1- 3 |  4- 6 || total
-------------------------+-------+-------++-------
Melee: Long sword        |   113 |   177 ||   290
  Use: Potion            |       |     6 ||     6
       Scroll            |       |     1 ||     1
  Eat: Chunk             |       |     7 ||     7
Armor: Scale mail        |    82 |   105 ||   187
       Skin              |       |     4 ||     4
Dodge: Dodged            |    37 |    50 ||    87
Block: Kite shield       |    62 |   113 ||   175
       Rpst.: Long sword |    10 |    20 ||    30
